 Dungeon Crawl Stone Soup version 0.30.1 (webtiles) character file.

Game seed: 4480661246151649571

81 Sabo the Chopper (level 4, -1/43 HPs)
             Began as a Naga Monk on July 8, 2023.
             Was an Initiate of Ashenzari.
             Slain by an orc
             ... wielding a +0 club
              (4 damage)
             ... on level 3 of the Dungeon.
             The game lasted 00:10:35 (2201 turns).

Sabo the Chopper (Naga Monk)                        Turns: 2201, Time: 00:10:36

Health: -1/43      AC:  3    Str: 16    XL:     4   Next: 40%
Magic:  0/4        EV:  9    Int: 10    God:    Ashenzari [......]
Gold:   86         SH:  0    Dex: 13    Spells: 3/3 levels left

rFire   . . .        k - +1 spear (venom)
rCold   . . .        d - orb "Elysian Ennui" {light, Fort, Melee} (curse)
rNeg    . . .        l - +0 ring mail
rPois   +            (no helmet)
rElec   .            (no cloak)
rCorr   .            (no gloves)
SInv    +            (no barding)
Will    .....        m - amulet of guardian spirit
Stlth   +            (no ring)
HPRegen 0.27/turn    (no ring)
MPRegen 0.09/turn

%: guardian spirit
@: glowing, very slow
A: AC +1, large, see invisible, deformed body, poison resistance, slowness 2,
spit poison 1, naga tail 1
a: Spit Poison, Renounce Religion, Curse Item, Shatter the Chains


You were on level 3 of the Dungeon.
You worshipped Ashenzari.
Ashenzari was noncommittal.
You visited 1 branch of the dungeon, and saw 3 of its levels.

You collected 86 gold pieces.

Inventory:

Hand Weapons
 a - a +0 hand axe
 k - a +1 spear of venom (weapon)
Missiles
 j - 5 poisoned darts
Armour
 d - the cursed orb "Elysian Ennui" (worn) {light, Fort, Melee}

   It has a curse which improves the following skills: Fortitude: Armour and
   Shields.
   Melee Combat: Short Blades, Long Blades, Axes, Maces & Flails, Polearms,
   Staves and Unarmed Combat.
 l - a +0 ring mail (worn)
Jewellery
 m - an amulet of guardian spirit (around neck)
Scrolls
 f - a scroll of fear
Potions
 c - a potion of ambrosia
 g - 2 potions of lignification
 i - a potion of attraction {unknown}
 n - a potion of brilliance {unknown}


   Skills:
 + Level 3.6 Fighting
 + Level 4.1(4.5) Axes
 + Level 0.2(2.5) Polearms
 + Level 0.2(0.3) Armour
 + Level 2.7 Dodging
 + Level 0.8 Stealth


You had 3 spell levels left.
You didn't know any spells.
Your spell library contained the following spells:

 Spells                   Type           Power      Damage    Failure   Level
 Slow                     Hex            0%         N/A       58%         1
 Cigotuvi's Dreadful Rot  Necr/Pois/Air  0%         N/A       73%         2
 Confusing Touch          Hex            0%         N/A       91%         3
 Ignite Poison            Fire/Tmut/Pois 0%         N/A       91%         3
 Vampiric Draining        Necr           0%         2d6       91%         3
 Freezing Cloud           Conj/Ice/Air   0%         6-21      100%        5


Dungeon Overview and Level Annotations

Branches:
Dungeon (3/15)

Altars:
Ashenzari


Innate Abilities, Weirdness & Mutations

Your serpentine skin is tough. (AC +1)
You have supernaturally acute eyesight. (SInv)
Armour fits poorly on your strangely shaped body.
Your system is resistant to poisons. (rPois)
You cover ground very slowly.
You can spit poison.
You have a snake-like lower body.


Message History

An orc comes into view. It is wielding a +0 short sword.
The orc barely misses you.
The orc shouts!
You hit the orc.
The orc looks as sick as possible!
The orc is severely wounded.
You kill the orc!
The adder closely misses you. The orc hits you with a +0 mace.
The adder closely misses you. The orc hits you with a +0 mace.
An orc comes into view. It is wielding a +0 club.
The orc hits you with a +0 mace. The adder barely misses you.
Things that are here:
a +0 war axe; a +0 dagger The orc closely misses you.
The orc hits you with a +0 mace.
* * * LOW HITPOINT WARNING * * *
You hit the orc.
The orc is poisoned.
The orc is almost dead.
The adder closely misses you. The orc hits you but does no damage. x2
You hit the orc.
You kill the orc!
The adder bites you but does no damage. The orc closely misses you.
The orc hits you but does no damage. The adder barely misses you.
You hit the orc.
The orc is heavily wounded.
The orc hits you with a +0 club.
* * * LOW HITPOINT WARNING * * *
The orc hits you with a +0 mace.
* * * LOW HITPOINT WARNING * * *
The adder bites you but does no damage.
You hit the orc but do no damage.
The orc is poisoned.
The orc is heavily wounded.
The adder bites you but does no damage. The orc hits you with a +0 club.
* * * LOW HITPOINT WARNING * * *
The orc barely misses you.
You hit the orc.
The orc is poisoned.
The orc is moderately wounded.
The adder bites you but does no damage. The orc hits you with a +0 mace.
* * * LOW HITPOINT WARNING * * *
The orc hits you with a +0 club.
You die...

# #. # #. #
#. ##### #.
#.... #.
##########
#.### #.
#........#
#.##.
#.##.######.#
#.##.
#)@S)?.# #.#
#....
#...o.o...#
#.# ####.
#.##......#
#.######. #
#......#
#........
##...(.#
#########
###.### ..#
###


You could see an adder and 2 orcs.

Vanquished Creatures
  3 adders
  A worm (D:2)
  A dart slug (D:2)
  6 orcs (D:3)
  8 ball pythons
  A giant cockroach (D:2)
  3 goblins
  5 hobgoblins
  5 kobolds
  3 bats (D:1)
  2 frilled lizards
  6 rats
44 creatures vanquished.

Notes
Turn   | Place    | Note
-------+----------+-------------------------------------------
     0 | D:1      | Sabo the Naga Monk began the quest for the Orb.
     0 | D:1      | Reached XP level 1. HP: 21/21 MP: 1/1
    60 | D:1      | Found a faded altar of an unknown god.
    90 | D:1      | Prayed at the altar of an unknown god.
    90 | D:1      | Became a worshipper of Ashenzari the Shackled
   222 | D:1      | Reached XP level 2. HP: 17/28 MP: 2/2
  1217 | D:2      | Reached XP level 3. HP: 34/34 MP: 3/3
  1668 | D:2      | Reached skill level 4 in Axes
  2036 | D:3      | Reached XP level 4. HP: 31/42 MP: 4/4
  2201 | D:3      | Slain by an orc

Illustrated notes

Levels and vault maps discovered:
D:1:      zaba_arrival_water, layout_basic, serial_glass, glass_columns_a,
          glass_columns_a, glass_columns_a, glass_columns_b, glass_columns_c,
          glass_columns_a, dreamdust_ecumenical_altar_grove
D:2:      layout_loops_ring, kennysheep_cross_bottleneck
D:3:      layout_loops_cross, nemelex_dance_club_becter, uniq_jessica

Skill      XL: |  1  2  3 |
---------------+----------+-----
Axes           | 4 |  4.1
Fighting       | |  3.6
Polearms       | |  0.2
Armour         | |  0.2
Dodging        | |  2.7
Stealth        | |  0.8

Action                     |  1- 3 |  4- 6 || total
---------------------------+-------+-------++-------
  Melee: Hand axe          |    59 |       ||    59
         Spear             |    21 |    19 ||    40
 Invoke: Curse Item        |     1 |       ||     1
Ability: Spit Poison       |     7 |       ||     7
    Use: Scroll            |     3 |     1 ||     4
 Armour: Robe              |    16 |       ||    16
         Ring mail         |    10 |    10 ||    20
  Dodge: Dodged            |    45 |    18 ||    63
